 Dungeon Crawl Stone Soup version 0.23-a0-641-g0a7f1ce553 (webtiles) character file.

306 HereIgoKillingAgain the Cleaver (level 6, -3/52 HPs)
             Began as a Hill Orc Fighter on Dec 30, 2018.
             Slain by an orc priest
             ... wielding a +0 flail
              (5 damage)
             ... on level 3 of the Dungeon.
             The game lasted 00:01:47 (1973 turns).

HereIgoKillingAgain the Cleaver (Hill Orc Fighter)  Turns: 1973, Time: 00:01:47

Health: -3/52      AC:  6    Str: 19    XL:     6   Next: 39%
Magic:  6/6        EV:  7    Int: 10    God:
Gold:   109        SH:  9    Dex: 10    Spells: 5/5 levels left

rFire    . . .     SeeInvis .   a - +0 war axe
rCold    . . .     Gourm    .   c - +0 shield
rNeg     . . .     Faith    .   b - +0 scale mail
rPois    .         Spirit   .   (no helmet)
rElec    .         Reflect  .   (no cloak)
rCorr    .         Harm     .   (no gloves)
MR       .....                  (no boots)
Stlth    ..........             (no amulet)
HPRegen  0.17/turn              (no ring)
MPRegen  0.10/turn              (no ring)

@: no status effects
A: no striking features
a: Convert to Beogh


You were on level 3 of the Dungeon.
You were not hungry.

You visited 1 branch of the dungeon, and saw 3 of its levels.

You collected 109 gold pieces.

Inventory:

Hand Weapons
 a - a +0 war axe (weapon)
Armour
 b - a +0 scale mail (worn)
 c - a +0 shield (worn)
Scrolls
 g - a scroll of amnesia {unknown}
 h - 3 scrolls of identify {unknown}
 i - 2 scrolls of noise {unknown}
 k - a scroll of magic mapping {unknown}
Potions
 d - a potion of might
 e - a potion of agility {unknown}
 j - a potion of cancellation {unknown}
Comestibles
 f - 7 rations


   Skills:
 + Level 4.1 Fighting
 + Level 8.2 Axes
 + Level 3.6 Armour
 - Level 3.2 Shields


You had 5 spell levels left.
You didn't know any spells.
Your spell library was empty.

Dungeon Overview and Level Annotations

Branches:
Dungeon (3/15)

Altars:
Cheibriados


Message History

You kill the jackal!
The orc priest looks satisfied for a moment.
You hit the orc priest.
The orc priest is lightly wounded.
You block the orc priest's attack.
You closely miss the orc priest.
The orc priest is lightly wounded.
The orc priest hits you with a +0 flail.
* * * LOW HITPOINT WARNING * * *
Unknown command.
You hit the orc priest.
The orc priest is lightly wounded.
A bat comes into view.
The orc priest mumbles some strange prayers to Beogh against you.
Beogh smites you!
* * * LOW HITPOINT WARNING * * *
You slash the orc priest!
The orc priest is severely wounded.
The orc priest hits you with a +0 flail.
You die...

........########.#
#######.# #.# #.#
#.# #.# #.# #.#
#.# ... #.# ...
#.# ... #.# ....#
#@# #o#


gK. .b... ....... ........# .........# #####...... You could see an orc priest,
a hobgoblin, a bat and a kobold.

Vanquished Creatures
  Sigmund (D:2)
  An orc wizard (D:3)
  6 adders
  2 worms (D:2)
  6 leopard geckos
  An orc (D:3)
  3 giant cockroaches
  5 goblins (D:1)
  3 hobgoblins (D:2)
  6 jackals (D:3)
  2 quokkas
  3 bats
  5 kobolds
  6 rats
50 creatures vanquished.

Notes
Turn   | Place    | Note
-------+----------+-------------------------------------------
     0 | D:1      | HereIgoKillingAgain the Hill Orc Fighter began the quest
                  | for the Orb.
     0 | D:1      | Reached XP level 1. HP: 19/19 MP: 1/1
    16 | D:1      | Reached skill level 3 in Axes
   329 | D:1      | Reached XP level 2. HP: 26/26 MP: 2/2
   409 | D:1      | Reached skill level 4 in Axes
   558 | D:1      | Reached XP level 3. HP: 31/31 MP: 3/3
  1108 | D:2      | Reached skill level 5 in Axes
  1273 | D:2      | Reached XP level 4. HP: 38/39 MP: 4/4
  1430 | D:2      | Noticed Sigmund
  1447 | D:2      | Killed Sigmund
  1447 | D:2      | Reached skill level 8 in Axes
  1447 | D:2      | Reached XP level 5. HP: 45/45 MP: 5/5
  1495 | D:2      | Reached XP level 6. HP: 29/52 MP: 6/6
  1888 | D:3      | Found a snail-covered altar of Cheibriados.
  1972 | D:3      | HP: 2/52 [orc priest/divine providence (11)]
  1973 | D:3      | Slain by an orc priest

Vault maps used:
D:1:      roderic_crossed_star
D:2:      first_ration, uniq_sigmund
D:3:      cheibriados_altar_1

Skill      XL: |  1  2  3  4  5  6 |
---------------+-------------------+-----
Axes           | 3 4 5 8 |  8.2
Fighting       | 4 |  4.1
Armour         | |  3.6
Shields        | |  3.2

Action                   |  1- 3 |  4- 6 || total
-------------------------+-------+-------++-------
Melee: War axe           |   113 |    88 ||   201
  Use: Potion            |     1 |     1 ||     2
  Eat: Chunk             |     1 |       ||     1
       Ration            |       |     1 ||     1
Armor: Scale mail        |    48 |    40 ||    88
Dodge: Dodged            |    26 |    27 ||    53
Block: Shield            |    68 |    50 ||   118

Table legend:
 A = Non-vault XP
 B = Vault XP
 C = Vault XP percentage of total XP
 D = Non-vault monster count
 E = Vault monster count
 F = Vault count percentage of total count
                 A         B        C        D         E       F
            +---------+---------+-------+---------+---------+-------
      Total |     207 |     231 |  52.7 |      49 |       1 |   2.0
            +---------+---------+-------+---------+---------+-------
        D:1 |      38 |       0 |   0.0 |      19 |       0 |   0.0
        D:2 |      92 |     231 |  71.5 |      18 |       1 |   5.3
        D:3 |      77 |       0 |   0.0 |      12 |       0 |   0.0
            +---------+---------+-------+---------+---------+-------
